 Dungeon Crawl Stone Soup version 0.27.1-34-g3ba077fa99 (webtiles) character file.

Game seed: 7751586101534147479

135 DildoBatman the Conjurer (level 5, -4/35 HPs)
             Began as a Formicid Conjurer on Jan 18, 2022.
             Slain by a hound (5 damage)
             ... on level 4 of the Dungeon.
             The game lasted 00:06:39 (2575 turns).

DildoBatman the Conjurer (Formicid Conjurer)        Turns: 2575, Time: 00:06:39

Health: -4/35      AC:  2    Str: 11    XL:     5   Next: 41%
Magic:  3/9        EV: 12    Int: 24    God:
Gold:   193        SH:  0    Dex: 10    Spells: 6/9 levels left

rFire    . . .     SeeInvis +   f - +0 short sword
rCold    . . .     Faith    .   (no shield)
rNeg     . . .     Spirit   .   a - +0 robe
rPois    .         Reflect  .   (helmet unavailable)
rElec    .         Harm     .   (no cloak)
rCorr    .         Rampage  .   (no gloves)
Will     .....                  (no boots)
Stlth    ++........             m - amulet of magic regeneration
HPRegen  0.11/turn              I - +6 ring of intelligence
MPRegen  0.36/turn              (no ring)

@: no status effects
A: permanent stasis, dig shafts and tunnels, antennae 3, four strong arms
a: Dig, Shaft Self


You were on level 4 of the Dungeon.
You visited 1 branch of the dungeon, and saw 4 of its levels.

You collected 193 gold pieces.

Inventory:

Hand Weapons
 d - a +0 dagger
 f - a +0 short sword (weapon)
Missiles
 c - 46 stones
 e - 10 poisoned darts
 g - 11 arrows
 p - 10 boomerangs
Armour
 a - a +0 robe (worn)
 s - a +0 ring mail of fire resistance
Jewellery
 m - an amulet of magic regeneration (around neck)
 I - a +6 ring of intelligence (left hand)
Scrolls
 h - a scroll of amnesia {unknown}
 i - a scroll of enchant weapon {unknown}
 j - 2 scrolls of fog {unknown}
 k - a scroll of teleportation {unknown}
 n - a scroll of immolation {unknown}
 o - 2 scrolls of identify {unknown}
Potions
 b - a potion of curing {unknown}
 l - a potion of resistance {unknown}
 q - a potion of mutation {unknown}
 r - a potion of attraction {unknown}
 t - a potion of heal wounds {unknown}


   Skills:
 * Level 0.0 Fighting
 * Level 0.1 Armour
 - Level 1.7 Dodging
 - Level 2.4 Stealth
 * Level 2.9 Spellcasting
 * Level 5.4 Conjurations


You had 6 spell levels left.
You knew the following spells:

 Your Spells              Type           Power      Damage    Failure   Level
a - Searing Ray           Conj           58%        3d5       1%          2
c - Magic Dart            Conj           100%       1d8       1%          1

Your spell library contained the following spells:

 Spells                   Type           Power      Damage    Failure   Level
 Dazzling Flash           Conj/Hex       32%        N/A       11%         3
 Slow                     Hex            3%         N/A       17%         2
 Confusing Touch          Hex            3%         N/A       32%         3
 Vampiric Draining        Necr           1%         2d6       32%         3
 Fulminant Prism          Conj/Hex       8%         3d7       34%         4
 Iskenderun's Mystic Bla  Conj/Tloc      16%        2d5       34%         4


Dungeon Overview and Level Annotations

Branches:
Dungeon (4/15)
 Temple: D:4-7

Altars:

Annotations:
D:2 Grinder
D:3 1 exclusion, Ijyb


Innate Abilities, Weirdness & Mutations

You cannot be hasted, slowed, berserked, paralysed or teleported.
You can dig through walls and to a lower floor.
You have a pair of large antennae on your head. (SInv)
Your four strong arms can wield two-handed weapons with a shield.


Message History

The searing ray hits the orc!
You kill the orc!
The searing ray misses the hound.
The searing ray hits the orc warrior.
The orc warrior is lightly wounded. (Press . to maintain the ray.)
The searing ray hits the hound.
The hound is moderately wounded.
The searing ray misses the orc warrior.
The searing ray hits the kobold.
You kill the kobold!
The hound misses you.
The searing ray hits the hound.
The hound is heavily wounded.
The searing ray hits the orc warrior.
The orc warrior is moderately wounded.
The hound bites you.
The orc warrior hits you from afar with a +0 trident!
The hound bites you.
The searing ray misses the hound.
The searing ray hits the orc warrior!
The orc warrior is heavily wounded.
The searing ray hits the orc!
You kill the orc!
You finish channeling your searing ray.
The hound closely misses you. The orc warrior closely misses you.
Casting: Searing Ray (safe; 1% risk of failure)
Confirm with . or Enter, or press ? or * to list all spells.
Aiming: Searing Ray (safe; 1% risk of failure)
Press: ? - help, Shift-Dir - straight line, f - hound
Aim: a hound (heavily wounded, 71% to hit)
The searing ray hits the hound.
The hound is almost dead.
The searing ray misses the orc warrior. (Press . to maintain the ray.)
The hound misses you.
The orc warrior hits you from afar with a +0 trident!
The hound bites you.
You die...

. #.#.........
....##.####(.##
..............##
....!####o###..#
..?. #...#o## .##
..!......##.##..#
......... ##o#..#
. .......
##h#.#.# .....(.
##@...# .......
###..# ....... .#
# {


You could see an orc warrior, a hound and 2 orcs.

Vanquished Creatures
  An orc priest (D:3)
  An adder (D:2)
  2 worms (D:2)
  3 dart slugs (D:2)
  13 orcs
  4 endoplasms
  2 giant cockroaches
  3 goblins
  8 hobgoblins
  5 ball pythons
  13 bats
  2 frilled lizards (D:1)
  5 kobolds
  6 rats
68 creatures vanquished.

Vanquished Creatures (others)
  4 fungi (D:3)
  3 toadstools (D:3)
7 creatures vanquished.

Grand Total: 75 creatures vanquished

Notes
Turn   | Place    | Note
-------+----------+-------------------------------------------
     0 | D:1      | DildoBatman the Formicid Conjurer began the quest for the
                  | Orb.
     0 | D:1      | Reached XP level 1. HP: 13/13 MP: 3/3
   261 | D:1      | Reached XP level 2. HP: 15/19 MP: 0/5
   264 | D:1      | Learned a level 2 spell: Searing Ray
   339 | D:1      | Reached skill level 4 in Conjurations
   966 | D:2      | Reached XP level 3. HP: 24/24 MP: 3/6
  1207 | D:2      | Found a faded altar of an unknown god.
  1350 | D:2      | Reached XP level 4. HP: 30/30 MP: 2/7
  1692 | D:2      | Reached skill level 5 in Conjurations
  2000 | D:3      | Noticed Grinder
  2222 | D:3      | Noticed Ijyb
  2315 | D:3      | Reached XP level 5. HP: 7/35 MP: 4/8
  2563 | D:4      | Noticed an orc warrior
  2575 | D:4      | HP: 1/35 [orc warrior (14)]
  2575 | D:4      | Slain by a hound

Illustrated notes

Levels and vault maps discovered:
D:1:      nagdon_arrival_zigzag_paths, layout_basic, minmay_box_of_dots
D:2:      layout_basic, shapermc_ecumenical_altar_totnotflames
D:3:      layout_rooms, minmay_gold_behind_fungi, uniq_grinder, uniq_ijyb
D:4:      layout_basic

Skill      XL: |  1  2  3  4 |
---------------+-------------+-----
Conjurations   | 4 5 |  5.4
Armour         | |  0.1
Dodging        | |  1.7
Stealth        | |  2.4
Spellcasting   | |  2.9

Action                   |  1- 3 |  4- 6 || total
-------------------------+-------+-------++-------
Melee: Unarmed           |     8 |       ||     8
       Dagger            |    11 |       ||    11
       Short sword       |     1 |     7 ||     8
 Cast: Magic Dart        |    32 |    17 ||    49
       Searing Ray       |    10 |    12 ||    22
 Abil: Dig               |     3 |     9 ||    12
Armor: Robe              |     8 |     3 ||    11
Dodge: Dodged            |    22 |    14 ||    36
